 Dungeon Crawl Stone Soup version 0.29.0-4-gdea44cf6ec (webtiles) character file.

Game seed: 3809472594024520105

81 qw the Shield-Bearer (level 4, 0/28 (35) HPs)
             Began as a Formicid Cinder Acolyte on Sept 4, 2022.
             Was an Elder of Ignis.
             Slain by Terence
             ... wielding the +7 Throatcutter {drain, coup de grace}
              (2 damage)
             ... on level 2 of the Dungeon.
             The game lasted 00:00:36 (2757 turns).

qw the Shield-Bearer (Formicid Cinder Acolyte)      Turns: 2757, Time: 00:00:36

HP:   0/28 (35)     AC:  9    Str: 20    XL:     4   Next: 68%
MP:   5/5           EV: 10    Int: 14    God:    Ignis [****..]
Gold: 23            SH:  8    Dex:  9    Spells: 5/5 levels left

rFire   + . .      SeeInvis +   Y - -1 hand axe (flame)
rCold   + . .      Faith    .   c - +0 kite shield
rNeg    . . .      Spirit   .   b - +0 robe
rPois   .          Reflect  .   (helmet unavailable)
rElec   .          Harm     .   (no cloak)
rCorr   .          Rampage  .   (no gloves)
Will    .....                   (no boots)
Stlth   +.........              (no amulet)
HPRegen 0.09/turn               l - ring of protection from cold
MPRegen 0.09/turn               (no ring)

@: fiery-armoured, heavily drained
A: permanent stasis, dig shafts and tunnels, antennae 3, four strong arms
a: Dig, Shaft Self, Renounce Religion, Fiery Armour, Foxfire Swarm, Rising Flame


You were on level 2 of the Dungeon.
You worshipped Ignis.
Ignis was greatly pleased with you.
You visited 1 branch of the dungeon, and saw 2 of its levels.

You collected 23 gold pieces.


Innate Abilities, Weirdness & Mutations

You cannot be hasted, slowed, berserked, paralysed or teleported.
You can dig through walls and to a lower floor.
You have a pair of large antennae on your head. (SInv)
Your four strong arms can wield two-handed weapons with a shield.


   Skills:
 - Level 3.2 Fighting
 + Level 3.8 Axes
 - Level 4.0 Shields
 - Level 1.1 Spellcasting
 - Level 3.0 Fire Magic


You had 5 spell levels left.
You didn't know any spells.
Your spell library contained the following spells:

 Spells                   Type           Power      Damage    Failure   Level
 Scorch                   Fire           18%        2d5       26%         2

Inventory:

Hand Weapons
 Y - a -1 hand axe of flaming (weapon)
Armour
 b - a +0 robe (worn)
 c - a +0 kite shield (worn)
 f - a +0 chain mail
Jewellery
 l - a ring of protection from cold (left hand)
Potions
 a - a potion of might {unknown}
 d - a potion of lignification {unknown}
 e - a potion of flight {unknown}
 i - a potion of cancellation {unknown}
 j - a potion of magic {unknown}

Dungeon Overview and Level Annotations

Branches:
Dungeon (2/15)

Altars:

Annotations:
D:2 Terence


Message History

You sense a monster nearby.
Terence the Incautious comes into view.
He is wielding the +7 Throatcutter {drain, coup de grace} and carrying a wand of roots (6).
Terence shouts!
Terence barely misses you.
You barely miss Terence.
Terence hits you with the +7 Throatcutter {drain, coup de grace}!
You feel drained.
Terence hits you with the +7 Throatcutter {drain, coup de grace}!
You feel drained.
2752 ||| INVOKING Fiery Armour.
A protective cloak of flame settles atop you.
Terence zaps a wand.
The roots erupt in riotous growth!
The grasping roots grab you!
Terence is unaffected.
The grasping roots constrict you.
You hit Terence. You burn Terence.
Terence is lightly wounded.
Terence hits you with the +7 Throatcutter {drain, coup de grace}.
You feel drained.
Terence is burned by your cloak of flames.
Terence is moderately wounded.
The grasping roots constrict you.
The grasping roots release their grip on you.
You hit Terence but do no damage.
Terence is moderately wounded.
Terence hits you with the +7 Throatcutter {drain, coup de grace}.
You feel drained.
Terence is burned by your cloak of flames.
Terence is heavily wounded.
You closely miss Terence.
Terence is heavily wounded.
You block Terence's attack.
You hit Terence but do no damage.
Terence is heavily wounded.
Terence misses you.
You hit Terence but do no damage.
Terence is heavily wounded.
You block Terence's attack.
Terence hits you with the +7 Throatcutter {drain, coup de grace}.
You feel drained.
You die...

#.##.#
#.##.# {
#....#
####.#
#....#
###<.#
###..#######
#..........#
###..#####@#
#....# #@#
#....# #.#
###.## #.#
#.# #.# ..
#.# .# #.#
#.#


You could see Terence.

Vanquished Creatures
  4 adders (D:2)
  3 worms (D:2)
  2 dart slugs
  4 endoplasms (D:2)
  A giant cockroach (D:2)
  3 goblins (D:1)
  6 hobgoblins
  6 bats
  A frilled lizard (D:2)
  2 kobolds (D:1)
  2 rats
34 creatures vanquished.

Vanquished Creatures (others)
  3 fungi (D:2)
3 creatures vanquished.

Grand Total: 37 creatures vanquished

Notes
Turn   | Place    | Note
-------+----------+-------------------------------------------
     0 | D:1      | qw the Formicid Cinder Acolyte began the quest for the Orb.
     0 | D:1      | Reached XP level 1. HP: 18/18 MP: 2/2
     0 | D:1      | 0 ||| qw: Version: 0.1-a-102-g441f92d
     0 | D:1      | 0 ||| qw: Game counter: 5323
     0 | D:1      | 0 ||| qw: Always use a shield: true
     0 | D:1      | 0 ||| qw: God list: Okawaru
     0 | D:1      | 0 ||| qw: Allow faded altars: false
     0 | D:1      | 0 ||| qw: Do Orc after D:15 true
     0 | D:1      | 0 ||| qw: Do second Lair branch before Depths: true
     0 | D:1      | 0 ||| qw: Lair rune preference: random
     0 | D:1      | 0 ||| qw: Plans: Normal
     0 | D:1      | 0 ||| PLANNING D:1-11
   558 | D:1      | Reached XP level 2. HP: 20/24 MP: 3/3
   903 | D:1      | 903 ||| INVOKING Fiery Armour.
  1291 | D:1      | 1291 ||| UPGRADING to +0 kite shield.
  1296 | D:1      | 1296 ||| DROPPING ring of flight.
  1297 | D:1      | 1297 ||| UPGRADING to ring of protection from cold.
  1298 | D:1      | 1298 ||| READING scroll labelled NUNOSUNKIE.
  1299 | D:1      | 1299 ||| READING scroll labelled SYIBRI ASCHAHOS.
  1400 | D:1      | 1400 ||| READING scroll labelled GINUDW SYDU.
  1401 | D:1      | 1401 ||| READING scroll labelled MEUMAA DEEPEYG.
  1474 | D:2      | 1474 ||| STAIRDANCE
  1575 | D:2      | Reached skill level 1 in Shields
  1575 | D:2      | Reached XP level 3. HP: 20/29 MP: 4/4
  1575 | D:2      | 1575 ||| STAIRDANCE
  1755 | D:2      | Reached skill level 2 in Shields
  1964 | D:2      | 1964 ||| INVOKING Fiery Armour.
  1966 | D:2      | HP: 7/29 [poisoned by an adder]
  1967 | D:2      | Reached skill level 3 in Shields
  1967 | D:2      | Reached XP level 4. HP: 8/35 MP: 5/5
  1971 | D:2      | HP: 4/35 [poisoned by an adder]
  2006 | D:2      | 2006 ||| Stepping ~*~*~tactically~*~*~ (stealth).
  2020 | D:2      | 2020 ||| Stepping ~*~*~tactically~*~*~ (stealth).
  2021 | D:2      | 2021 ||| Stepping ~*~*~tactically~*~*~ (stealth).
  2024 | D:2      | 2024 ||| Stepping ~*~*~tactically~*~*~ (stealth).
  2209 | D:2      | 2209 ||| Stepping ~*~*~tactically~*~*~ (stealth).
  2210 | D:2      | 2210 ||| Stepping ~*~*~tactically~*~*~ (stealth).
  2211 | D:2      | 2211 ||| Stepping ~*~*~tactically~*~*~ (stealth).
  2317 | D:2      | 2317 ||| INVOKING Fiery Armour.
  2504 | D:2      | Found a faded altar of an unknown god.
  2513 | D:2      | 2513 ||| Stepping ~*~*~tactically~*~*~ (water).
  2711 | D:2      | Reached skill level 4 in Shields
  2749 | D:2      | Noticed Terence
  2752 | D:2      | 2752 ||| INVOKING Fiery Armour.
  2754 | D:2      | HP: 7/30 [Terence/the +7 Throatcutter {drain, coup de
                  | grace} (5)]
  2757 | D:2      | HP: 2/29 [Terence/the +7 Throatcutter {drain, coup de
                  | grace} (5)]
  2757 | D:2      | Slain by Terence

Levels and vault maps discovered:
D:1:      dpeg_arrival_circle_labyrinth_c, layout_loops_ring
D:2:      layout_loops_ring, shapermc_ecumenical_altar_starsandcircs,
          uniq_terence, uniq_crazy_yiuf_cottage

Skill      XL: |  1  2  3  4 |
---------------+-------------+-----
Shields        | 1 3 4 |  4.0
Fighting       | |  3.2
Axes           | |  3.8
Spellcasting   | |  1.1
Fire Magic     | |  3.0

Action                   |  1- 3 |  4- 6 || total
-------------------------+-------+-------++-------
Melee: Hand axe          |    83 |    32 ||   115
Invok: Fiery Armour      |     2 |     2 ||     4
  Use: Scroll            |     4 |       ||     4
 Stab: Sleeping          |     1 |       ||     1
Armor: Robe              |    11 |     2 ||    13
Dodge: Dodged            |    28 |    11 ||    39
Block: Kite shield       |     8 |     7 ||    15

Table legend:
 A = Non-vault XP
 B = Vault XP
 C = Vault XP percentage of total XP
 D = Non-vault monster count
 E = Vault monster count
 F = Vault count percentage of total count
                 A         B        C        D         E       F
            +---------+---------+-------+---------+---------+-------
      Total |     117 |       0 |   0.0 |      34 |       0 |   0.0
            +---------+---------+-------+---------+---------+-------
        D:1 |      26 |       0 |   0.0 |      15 |       0 |   0.0
        D:2 |      91 |       0 |   0.0 |      19 |       0 |   0.0
            +---------+---------+-------+---------+---------+-------
